TOP OF THE 1ST |
---|
Clearwater Crab People batting - Pitching for Fort Collins Commoners : LHP Anderson Jackson | Pitching: LHP Anderson Jackson | | Batting: RHB Brandon Davis | 0-0: Foul Ball, location: 2F 0-1: Swinging Strike 0-2: Foul Ball, location: 2F 0-2: Ball 1-2: Ball 2-2: Foul Ball, location: 2F 2-2: Foul Ball, location: 2F 2-2: Strikes out looking | Batting: RHB Derrek Lane | 0-0: Swinging Strike 0-1: Swinging Strike 0-2: SINGLE (Groundball, 6MS) (infield hit) | Batting: RHB Kevin Hernández | 0-0: Called Strike 0-1: Fly out, F8 (Flyball, 8RM) | Batting: RHB Garry Taylor | 0-0: Called Strike 0-1: Ball 1-1: Foul Ball, location: 2F 1-2: Ball 2-2: Fly out, F5 (Line Drive, 56) | Top of the 1st over - 0 runs, 1 hit, 0 errors, 1 left on base; Clearwater 0 - Fort Collins 0 | BOTTOM OF THE 1ST |
---|
Fort Collins Commoners batting - Pitching for Clearwater Crab People : RHP Lorenzo Fernández | Pitching: RHP Lorenzo Fernández | | Batting: LHB Matt Taylor | 0-0: Ball 1-0: Called Strike 1-1: Swinging Strike 1-2: Foul Ball, location: 2F 1-2: Ball 2-2: Ball 3-2: Base on Balls | Batting: RHB António Díaz | 0-0: Ball 1-0: Called Strike 1-1: Swinging Strike 1-2: Foul Ball, location: 2F 1-2: Strikes out swinging | Batting: LHB Paul Lee | 0-0: Ball 1-0: Called Strike 1-1: Called Strike 1-2: Foul Ball, location: 2F 1-2: Ball 2-2: Ball 3-2: Foul Ball, location: 2F 3-2: Fly out, F9 (Line Drive, 89M) | Batting: RHB David Brady | 0-0: Foul Ball, location: 2F 0-1: Called Strike 0-2: Foul Ball, location: 2F 0-2: Foul Ball, location: 2F 0-2: Ball 1-2: Foul Ball, location: 2F 1-2: Ball 2-2: Foul Ball, location: 2F 2-2: Strikes out swinging | Bottom of the 1st over - 0 runs, 0 hits, 0 errors, 1 left on base; Clearwater 0 - Fort Collins 0 | TOP OF THE 2ND |
---|
Clearwater Crab People batting - Pitching for Fort Collins Commoners : LHP Anderson Jackson | Batting: RHB Terry Davis | 0-0: Ball 1-0: Called Strike 1-1: SINGLE (Line Drive, 6MD) | Batting: SHB Adrián Delgado | 0-0: Foul Ball, location: 2F 0-1: Called Strike 0-2: Foul Ball, location: 2F 0-2: Hit by Pitch Terry Davis to second | Batting: RHB Juan Carlos Cruz | 0-0: Foul Ball, location: 2F 0-1: Ball 1-1: Swinging Strike 1-2: Foul Ball, location: 2F 1-2: Foul Ball, location: 2F 1-2: Strikes out looking | Batting: RHB Bud Manning | 0-0: Ball 1-0: Called Strike 1-1: Ball 2-1: Fielders Choice at 2nd, 5-4 (Groundball, 56) Terry Davis to third | Batting: RHB Gerald Hayes | 0-0: Foul Ball, location: 2F 0-1: Ball 1-1: Swinging Strike 1-2: Strikes out swinging | Top of the 2nd over - 0 runs, 1 hit, 0 errors, 2 left on base; Clearwater 0 - Fort Collins 0 | BOTTOM OF THE 2ND |
---|
Fort Collins Commoners batting - Pitching for Clearwater Crab People : RHP Lorenzo Fernández | Batting: LHB Joe Hanson | 0-0: Ball 1-0: Ball 2-0: Fly out, F7 (Flyball, 7S) | Batting: RHB Sherman Cummings | 0-0: Swinging Strike 0-1: SINGLE (Groundball, 4MD) | Batting: SHB Paul Davenport | 0-0: Called Strike 0-1: Ground out 4-3 (Groundball, 4MD) Sherman Cummings to second | Batting: RHB António Rodríguez | 0-0: Fly out, F9 (Flyball, 9S) | Bottom of the 2nd over - 0 runs, 1 hit, 0 errors, 1 left on base; Clearwater 0 - Fort Collins 0 | TOP OF THE 3RD |
---|
Clearwater Crab People batting - Pitching for Fort Collins Commoners : LHP Anderson Jackson | Batting: RHB Brandon Davis | 0-0: Ball 1-0: SOLO HOME RUN (Flyball, 7LD), Distance : 361 ft | Batting: RHB Derrek Lane | 0-0: Foul Ball, location: 2F 0-1: Fly out, F7 (Flyball, 7D) | Batting: RHB Kevin Hernández | 0-0: Called Strike 0-1: Ground out 5-3 (Groundball, 5L) | Batting: RHB Garry Taylor | 0-0: Called Strike 0-1: Foul Ball, location: 2F 0-2: Fly out, F9 (Flyball, 9S) | Top of the 3rd over - 1 run, 1 hit, 0 errors, 0 left on base; Clearwater 1 - Fort Collins 0 | BOTTOM OF THE 3RD |
---|
Fort Collins Commoners batting - Pitching for Clearwater Crab People : RHP Lorenzo Fernández | Batting: RHB Arturo Chávez | 0-0: Called Strike 0-1: Ball 1-1: Foul Ball, location: 2F 1-2: Ball 2-2: Ball 3-2: Strikes out looking | Batting: LHB Matt Taylor | 0-0: Swinging Strike 0-1: Foul Ball, location: 2F 0-2: Foul Ball, location: 2F 0-2: Ball 1-2: Foul Ball, location: 2F 1-2: Foul Ball, location: 2F 1-2: Foul Ball, location: 2F 1-2: Ball 2-2: Ball 3-2: Foul Ball, location: 2F 3-2: SINGLE (Line Drive, 8RS) | Batting: RHB António Díaz | 0-0: Ball 1-0: Called Strike Matt Taylor steals 2nd base 1-1: Called Strike 1-2: Foul Ball, location: 2F 1-2: Ball 2-2: Foul Ball, location: 2F 2-2: Ball 3-2: SINGLE (Line Drive, 7S) Matt Taylor to third Runner from 3rd tries for Home, SAFE, no throw | Batting: LHB Paul Lee | 0-0: Called Strike 0-1: Called Strike 0-2: Ball 1-2: DOUBLE (Flyball, 8LXD) António Díaz to third | Batting: RHB David Brady | 0-0: Foul Ball, location: 2F 0-1: Ball 1-1: Swinging Strike 1-2: Ground out 4-3 (Groundball, 4) António Díaz scores Paul Lee to third | Batting: LHB Joe Hanson | 0-0: Ball 1-0: Called Strike 1-1: Ball 2-1: Ball 3-1: Foul Ball, location: 2F 3-2: Strikes out looking | Bottom of the 3rd over - 2 runs, 3 hits, 0 errors, 1 left on base; Clearwater 1 - Fort Collins 2 | TOP OF THE 4TH |
---|
Clearwater Crab People batting - Pitching for Fort Collins Commoners : LHP Anderson Jackson | Batting: RHB Terry Davis | 0-0: Fly out, F4 (Popup, 4M) | Batting: SHB Adrián Delgado | 0-0: Foul Ball, location: 2F 0-1: Ground out 5-3 (Groundball, 56) | Batting: RHB Juan Carlos Cruz | 0-0: Ball 1-0: Ball 2-0: Called Strike 2-1: Fly out, F7 (Flyball, 7D) | Top of the 4th over - 0 runs, 0 hits, 0 errors, 0 left on base; Clearwater 1 - Fort Collins 2 | BOTTOM OF THE 4TH |
---|
Fort Collins Commoners batting - Pitching for Clearwater Crab People : RHP Lorenzo Fernández | Batting: RHB Sherman Cummings | 0-0: Foul Ball, location: 2F 0-1: Swinging Strike 0-2: Ground out 4-3 (Groundball, 4) | Batting: SHB Paul Davenport | 0-0: SINGLE (Line Drive, 34D) | Batting: RHB António Rodríguez | 0-0: Grounds into double play, 4-6-3 (Groundball, 4) | Bottom of the 4th over - 0 runs, 1 hit, 0 errors, 0 left on base; Clearwater 1 - Fort Collins 2 | TOP OF THE 5TH |
---|
Clearwater Crab People batting - Pitching for Fort Collins Commoners : LHP Anderson Jackson | Batting: RHB Bud Manning | 0-0: Called Strike 0-1: Foul Ball, location: 2F 0-2: Ball 1-2: Foul Ball, location: 2F 1-2: Ball 2-2: Ground out 3-1 (Groundball, 34S) | Batting: RHB Gerald Hayes | 0-0: Ball 1-0: Ball 2-0: Swinging Strike 2-1: Called Strike 2-2: Strikes out swinging | Batting: RHB Brandon Davis | 0-0: DOUBLE (Line Drive, 8RD) | Batting: RHB Derrek Lane | 0-0: Called Strike 0-1: Foul Ball, location: 2F 0-2: Ball 1-2: Foul Ball, location: 2F 1-2: Foul Ball, location: 2F 1-2: Ball 2-2: Fly out, F8 (Line Drive, 8RS) | Top of the 5th over - 0 runs, 1 hit, 0 errors, 1 left on base; Clearwater 1 - Fort Collins 2 | BOTTOM OF THE 5TH |
---|
Fort Collins Commoners batting - Pitching for Clearwater Crab People : RHP Lorenzo Fernández | Batting: RHB Arturo Chávez | 0-0: Ball 1-0: Ground out 5-3 (Groundball, 56) | Batting: LHB Matt Taylor | 0-0: Ball 1-0: Ball 2-0: Swinging Strike 2-1: Foul Ball, location: 2F 2-2: Strikes out swinging | Batting: RHB António Díaz | 0-0: Fly out, F4 (Line Drive, 4) | Bottom of the 5th over - 0 runs, 0 hits, 0 errors, 0 left on base; Clearwater 1 - Fort Collins 2 | TOP OF THE 6TH |
---|
Clearwater Crab People batting - Pitching for Fort Collins Commoners : LHP Anderson Jackson | Batting: RHB Kevin Hernández | 0-0: Ball 1-0: Ball 2-0: Fly out, F6 (Popup, P) | Batting: RHB Garry Taylor | 0-0: Swinging Strike 0-1: Called Strike 0-2: Fly out, F8 (Flyball, 8RS) | Batting: RHB Terry Davis | 0-0: Ground out 5-3 (Groundball, 56) | Top of the 6th over - 0 runs, 0 hits, 0 errors, 0 left on base; Clearwater 1 - Fort Collins 2 | BOTTOM OF THE 6TH |
---|
Fort Collins Commoners batting - Pitching for Clearwater Crab People : RHP Lorenzo Fernández | Batting: LHB Paul Lee | 0-0: Ball 1-0: Ball 2-0: Foul Ball, location: 2F 2-1: Ball 3-1: Swinging Strike 3-2: Base on Balls | Pitching: RHP António Ángel | | Batting: RHB David Brady | 0-0: Ball 1-0: Foul Ball, location: 2F 1-1: Called Strike 1-2: Foul Ball, location: 2F 1-2: Foul Ball, location: 2F 1-2: Ball 2-2: Strikes out swinging | Batting: LHB Joe Hanson | 0-0: Swinging Strike 0-1: Called Strike 0-2: Ball 1-2: Ball 2-2: Ball 3-2: Base on Balls Paul Lee to second | Batting: RHB Sherman Cummings | 0-0: Ball 1-0: Ball 2-0: Foul Ball, location: 2F 2-1: Swinging Strike 2-2: SINGLE (Groundball, 34D) Paul Lee to third Joe Hanson to second Runner from 3rd tries for Home, SAFE, no throw | Batting: SHB Paul Davenport | 0-0: Fly out, F6 (Popup, 6M) | Batting: RHB António Rodríguez | 0-0: Fly out, F7 (Flyball, 7S) | Bottom of the 6th over - 1 run, 1 hit, 0 errors, 2 left on base; Clearwater 1 - Fort Collins 3 | TOP OF THE 7TH |
---|
Clearwater Crab People batting - Pitching for Fort Collins Commoners : LHP Anderson Jackson | Batting: SHB Adrián Delgado | 0-0: SINGLE (Groundball, 56D) | Batting: RHB Juan Carlos Cruz | 0-0: Ball 1-0: Ball 2-0: Ball 3-0: Called Strike 3-1: Swinging Strike 3-2: Strikes out swinging | Batting: RHB Bud Manning | 0-0: Fielders Choice at 2nd, 5-4 (Groundball, 5) | Batting: RHB Gerald Hayes | 0-0: Ball 1-0: Swinging Strike 1-1: Swinging Strike 1-2: Ball 2-2: Fly out, F8 (Flyball, 8LS) | Top of the 7th over - 0 runs, 1 hit, 0 errors, 1 left on base; Clearwater 1 - Fort Collins 3 | BOTTOM OF THE 7TH |
---|
Fort Collins Commoners batting - Pitching for Clearwater Crab People : RHP António Ángel | Batting: RHB Arturo Chávez | 0-0: Foul Ball, location: 2F 0-1: Ball 1-1: Foul Ball, location: 2F 1-2: Ground out 5-3 (Groundball, 56) | Batting: LHB Matt Taylor | 0-0: Ball 1-0: Swinging Strike 1-1: Swinging Strike 1-2: Foul Ball, location: 2F 1-2: Foul Ball, location: 2F 1-2: Strikes out swinging | Batting: RHB António Díaz | 0-0: Called Strike 0-1: Ball 1-1: Foul Ball, location: 2F 1-2: Strikes out swinging | Bottom of the 7th over - 0 runs, 0 hits, 0 errors, 0 left on base; Clearwater 1 - Fort Collins 3 | TOP OF THE 8TH |
---|
Clearwater Crab People batting - Pitching for Fort Collins Commoners : LHP Anderson Jackson | Batting: RHB Brandon Davis | 0-0: Ground out 4-3 (Groundball, 4) | Batting: RHB Derrek Lane | 0-0: Ball 1-0: Called Strike 1-1: Called Strike 1-2: Foul Ball, location: 2F 1-2: Fly out, F9 (Flyball, 9LSF) | Batting: RHB Kevin Hernández | 0-0: Swinging Strike 0-1: Foul Ball, location: 2F 0-2: Strikes out looking | Top of the 8th over - 0 runs, 0 hits, 0 errors, 0 left on base; Clearwater 1 - Fort Collins 3 | BOTTOM OF THE 8TH |
---|
Fort Collins Commoners batting - Pitching for Clearwater Crab People : RHP António Ángel | Batting: LHB Paul Lee | 0-0: Foul Ball, location: 2F 0-1: Fly out, F8 (Flyball, 8RM) | Batting: RHB David Brady | 0-0: Called Strike 0-1: Ball 1-1: Swinging Strike 1-2: SINGLE (Groundball, 5S) (infield hit) | Batting: LHB Joe Hanson | 0-0: Fielders Choice at 2nd, 4-6 (Groundball, 4) | Batting: RHB Sherman Cummings | 0-0: Foul Ball, location: 2F 0-1: Ball 1-1: Fielders Choice at 2nd, 5-4 (Groundball, 56) | Bottom of the 8th over - 0 runs, 1 hit, 0 errors, 1 left on base; Clearwater 1 - Fort Collins 3 | TOP OF THE 9TH |
---|
Clearwater Crab People batting - Pitching for Fort Collins Commoners : LHP Anderson Jackson | Pitching: RHP Jorge Ruíz | | Batting: RHB Garry Taylor | 0-0: Ball 1-0: Called Strike 1-1: Ball 2-1: Swinging Strike 2-2: Ball 3-2: Base on Balls | Pinch Hitting: LHB José Pérez | 0-0: Fielders Choice at 2nd, 4-6 (Groundball, 34) | Batting: SHB Adrián Delgado | 0-0: Ball 1-0: Fly out, F8 (Flyball, 8RM) | Pinch Hitting: RHB Artie Mills | 0-0: Fly out, F8 (Flyball, 89M) | Top of the 9th over - 0 runs, 0 hits, 0 errors, 1 left on base; Clearwater 1 - Fort Collins 3 | |